 Dungeon Crawl Stone Soup version 0.18-a0-1211-g828307d (webtiles) character file.

9 ololoev the Firebug (level 2, 2/15 HPs)
             Began as a Deep Elf Fire Elementalist on Feb 2, 2016.
             Quit the game on level 2 of the Dungeon.
             The game lasted 00:03:04 (230 turns).

ololoev the Firebug (Deep Elf Fire Elementalist)     Turns: 230, Time: 00:03:05

Health: 2/15       AC:  2    Str:  5    XL:     2   Next: 6%
Magic:  0/8        EV: 13    Int: 19    God:
Gold:   21         SH:  0    Dex: 15    Spells: 1 memorised, 6 levels left

rFire  . . .     SeeInvis .     (no weapon)
rCold  . . .     Gourm    .     a - +0 robe
rNeg   . . .     Faith    .     (no shield)
rPois  .         Spirit   .     (no helmet)
rElec  .         Dismiss  .     (no cloak)
rCorr  .         Reflect  .     (no gloves)
SustAt .         Harm     .     (no boots)
MR     .....                    (no amulet)
Stlth  ++........               (no ring)
                                e - ring of flight

@: not resistant to hostile enchantments, unstealthy
A: no striking features
a: Evoke Flight

Inventory:

Armour
 a - a +0 robe (worn)
Jewellery
 e - a ring of flight (left hand)
Scrolls
 d - a scroll of immolation {unknown}
Books
 b - a book of Flames

   Spells                             Type                      Level
   a - Flame Tongue                   Conjuration/Fire             1
   b - Throw Flame                    Conjuration/Fire             2
   c - Conjure Flame                  Conjuration/Fire             3
   d - Inner Flame                    Hexes/Fire                   3
   e - Sticky Flame                   Conjuration/Fire             4
   f - Fireball                       Conjuration/Fire             5
Comestibles
 c - a bread ration


   Skills:
 - Level 2.4 Dodging
 - Level 2.4 Stealth
 + Level 3.2 Spellcasting
 * Level 2.0 Conjurations
 + Level 3.3 Fire Magic


You had 6 spell levels left.
You knew the following spells:

 Your Spells              Type           Power        Failure   Level  Hunger
a - Flame Tongue          Conj/Fire      ##...        6%          1    None


You were on level 2 of the Dungeon.
You were not hungry.

You visited 1 branch of the dungeon, and saw 2 of its levels.

You collected 21 gold pieces.

.####......#
..........?#
#####......#
...........#
#####......##
..........>.#
#####.......######
...............l.#
######......####@#
#......# #.#
######.# #.# #.#
#J# #.# #.# #.#
#r# #.. ..# ## ###

Notes
Turn   | Place    | Note
--------------------------------------------------------------
     0 | D:1      | ololoev the Deep Elf Fire Elementalist began the quest for the Orb.
     0 | D:1      | Reached XP level 1. HP: 10/10 MP: 6/6
   198 | D:2      | Reached XP level 2. HP: 15/15 MP: 0/8
   230 | D:2      | Quit the game

Dungeon Overview and Level Annotations

Branches:
Dungeon (2/15)

Altars:


Message History

The flame tongue hits the worm.
You kill the worm!
You have reached level 2!
Casting: Flame Tongue
Confirm with . or Enter, or press ? or * to list all spells.
You can't see any susceptible monsters within range! (Use Z to cast anyway.)
Casting: Flame Tongue
Confirm with . or Enter, or press ? or * to list all spells.
Aiming: Flame Tongue
Press: ? - help, Shift-Dir - straight line, f - giant gecko
Aim: a giant gecko The flame tongue misses the giant gecko.
Casting: Flame Tongue
Confirm with . or Enter, or press ? or * to list all spells.
Aiming: Flame Tongue
Press: ? - help, Shift-Dir - straight line, f/p - giant gecko
Aim: a giant gecko The flame tongue hits the giant gecko.
The giant gecko is moderately wounded.
The giant gecko bites you. x2
You see here a scratched ivory ring.
e - a scratched ivory ring The giant gecko misses you.
Put on which piece of jewellery? (? for menu, Esc to quit)
e - a ring of flight (left hand)
The giant gecko barely misses you. The giant gecko bites you.
Casting: Flame Tongue
Confirm with . or Enter, or press ? or * to list all spells.
Aiming: Flame Tongue
Press: ? - help, Shift-Dir - straight line, f/p - giant gecko
Aim: a giant gecko (moderately wounded, clinging)
The flame tongue misses the giant gecko.
The giant gecko barely misses you.
Casting: Flame Tongue
Confirm with . or Enter, or press ? or * to list all spells.
You don't have enough magic to cast that spell.
An ooze comes into view.
A rat comes into view.
Are you sure you want to abandon this character and quit the game? (Confirm with "yes".)

You could see an ooze (sleeping), a giant gecko and a rat.

Vanquished Creatures
  A worm (D:2)
  2 giant cockroaches
  A hobgoblin (D:1)
  A kobold (D:1)
  A giant newt (D:1)
6 creatures vanquished.

Action                   || total
-------------------------++-------
Melee: Unarmed           ||     3
 Cast: Flame Tongue      ||    19

Vault maps used:
D:1:      sevenhm_arrival_forest_fort_large_2, minivault_14
D:2:      ashenzari_altar_1, old_standard_altar
